 Dungeon Crawl Stone Soup version 0.31-a0-963-ga325b2283a (webtiles) character file.

Game seed: 13767607485284997720

1460 strifetoe the Cleaver (level 8, -3/66 HPs)
             Began as an Armataur Fighter on Oct 25, 2023.
             Was a Follower of Okawaru.
             Slain by an orc warrior
             ... wielding a +0 halberd
              (9 damage)
             ... on level 6 of the Dungeon.
             The game lasted 00:07:33 (4664 turns).

strifetoe the Cleaver (Armataur Fighter)            Turns: 4664, Time: 00:07:33

Health: -3/66      AC:  8    Str: 30    XL:     8   Next: 48%
Magic:  8/8        EV:  7    Int:  9    God:    Okawaru [*.....]
Gold:   257        SH:  4    Dex: 11    Spells: 7/7 levels left

rFire   + . .        o - +9 war axe of Departure {elec, Will+ Dex+2}
rCold   . . .        c - +0 buckler
rNeg    . . .        g - +0 scale mail
rPois   .            (no helmet)
rElec   .            (no cloak)
rCorr   .            h - +0 pair of gloves
SInv    .            (no barding)
Will    +....        (no amulet) Stlth
                     m - +6 ring of strength
HPRegen 0.31/turn    n - ring of protection from fire
MPRegen 0.11/turn

%: roll
@: mighty
A: large, rugged brown scales 3, deformed body, armoured tail, roll, long
tongue, awkward tongue
a: Renounce Religion, Heroism


You were on level 6 of the Dungeon.
You worshipped Okawaru.
Okawaru was aware of your devotion.
You visited 1 branch of the dungeon, and saw 6 of its levels.

You collected 287 gold pieces.
You spent 30 gold pieces at shops.

Inventory:

Hand Weapons
 a - a +0 war axe
 o - the +9 war axe of Departure (weapon) {elec, Will+ Dex+2}
   (You found it on level 2 of the Dungeon)

   Dex+2:     It affects your dexterity (+2).
   Will+:     It increases your willpower.
Missiles
 s - 2 curare-tipped darts
Armour
 b - a +0 scale mail
 c - a +0 buckler (worn)
 g - a +0 scale mail (worn)
 h - a +0 pair of gloves (worn)
Jewellery
 m - a +6 ring of strength (left hand)
 n - a ring of protection from fire (right hand)
 p - a ring of positive energy
 r - a +6 ring of intelligence
 v - a ring of resist corrosion
Wands
 t - a wand of roots (17)
Scrolls
 u - a scroll of fear
 w - a scroll of vulnerability
 x - a scroll of immolation
 y - a scroll of enchant armour {unknown}
Potions
 d - a potion of might
 e - 2 potions of curing
 f - 2 potions of heal wounds
 i - 2 potions of mutation
 j - a potion of attraction {unknown}
 k - a potion of lignification {unknown}
 l - a potion of magic {unknown}
 q - a potion of resistance {unknown}


   Skills:
 - Level 2.6 Fighting
 + Level 9.1 Axes
 - Level 3.6 Armour
 - Level 3.2 Shields


You had 7 spell levels left.
You didn't know any spells.
Your spell library contained the following spells:

 Spells                   Type           Power      Damage    Failure   Level
 Apportation              Tloc           0%         N/A       67%         1
 Jinxbite                 Hex            0%         N/A       82%         2
 Alistair's Intoxication  Tmut/Pois      0%         N/A       100%        5
 Orb of Destruction       Conj           0%         9d5       100%        7
 Summon Guardian Golem    Hex/Summ       Unusable   N/A       N/A         3
 Spellforged Servitor     Conj/Summ      Unusable   N/A       N/A         7

Dungeon Overview and Level Annotations

Branches:
Dungeon (6/15)
 Temple: D:4-7

Altars:
Ashenzari
Gozag
Hepliaklqana
Okawaru
Sif Muna
Zin

Shops:
D:1 [(*=[

Annotations:
D:5 1 runed translucent door


Innate Abilities, Weirdness & Mutations

You are completely covered in rugged brown scales. (AC +3, +7% HP)
Armour fits poorly on your strangely shaped body.
You have a long armoured tail.
You roll when moving toward enemies. (Rampage)
Your long tongue fully drains potion bottles. (2x potion effects)
Your tongue gives you trouble enunciating. (1.5x scroll delay)


Message History

You slash the orc priest!
Lightning courses through the orc priest!!
You kill the orc priest!
Okawaru accepts your kill.
You slash the orc priest! You barely miss the orc priest.
The orc priest hits you but does no damage.
The orc warrior hits you from afar with a +0 halberd.
* * * LOW HITPOINT WARNING * * *
Unknown command.
You feel much better.
You slurp down every last drop of the potion of heal wounds!
The orc priest hits you but does no damage.
The orc priest calls down the wrath of Beogh upon you.
Beogh smites you!
The orc warrior hits you from afar with a +0 halberd.
You feel very mighty all of a sudden.
You slurp down every last drop of the potion of might!
The orc priest hits you with a +0 club. The orc warrior barely misses you.
The orc priest hits you with a +0 dagger.
You slash the orc priest!
You kill the orc priest!
Okawaru accepts your kill.
You slice the orc priest!!
You kill the orc priest!
Okawaru accepts your kill.
You slice the orc!! Lightning courses through the orc!!
You kill the orc!
The orc warrior completely misses you.
Your Axes skill increases to level 9!
You roll towards the orc warrior!
You hit the orc warrior.
Lightning courses through the orc warrior!!
The orc warrior is severely wounded.
The orc warrior hits you with a +0 halberd.
* * * LOW HITPOINT WARNING * * *
You barely miss the orc warrior.
The orc warrior is severely wounded.
The orc warrior hits you with a +0 halberd!
* * * LOW HITPOINT WARNING * * *
The orc warrior hits you with a +0 halberd!
You die...

.. #............ .#
##......♣#............ .
. .
#......_♣#............
.. # ..#.......
#............ ...##
<.......♣♣#..[.........
.....
#.......##............
..... #
#.....#....)....# .....
..####...##.....@o..#
##...
...............))...#
##...##
.###......####.##.......
.> .........## ###
.#####. #. .........#.
.. .##.####
...........~# #.#
......## ..........~~#
.. ..# #....
#..>......~8# #.. #.#
##... ##........~~#
.##.. #...


You could see an orc warrior.

Vanquished Creatures
  The ghost of strifetoe the Cudgeller, an amateur AtBe of Trog (D:5)
  2 black bears
  An ice beast (D:5)
  An ogre (D:4)
  A phantom (D:4)
  Blork the orc (D:4)
  A scorpion (D:6)
  2 jellies (D:5)
  4 hounds (D:5)
  4 orc priests
  3 sleepcaps
  An iguana (D:5)
  Ijyb (D:4)
  An orc wizard (D:5)
  Robin (D:4)
  7 adders
  2 river rats (D:5)
  2 worms (D:2)
  2 dart slugs
  11 orcs
  9 ball pythons
  9 endoplasms
  7 giant cockroaches
  19 goblins
  11 hobgoblins
  3 jackals (D:1)
  4 quokkas
  8 bats
  A frilled lizard (D:3)
  7 kobolds
  12 rats
139 creatures vanquished.

Notes
Turn   | Place    | Note
-------+----------+-------------------------------------------
     0 | D:1      | strifetoe the Armataur Fighter began the quest for the Orb.
     0 | D:1      | Reached XP level 1. HP: 19/19 MP: 1/1
    30 | D:1      | Reached skill level 2 in Axes
    33 | D:1      | Found Mytad's Armour Emporium.
    67 | D:1      | Reached XP level 2. HP: 24/26 MP: 2/2
   171 | D:1      | Found Fizegg's Jewellery Emporium.
   376 | D:1      | Reached XP level 3. HP: 32/32 MP: 3/3
   380 | D:1      | Reached skill level 3 in Axes
   421 | D:1      | Found Qoisulur's Armour Shop.
   426 | D:1      | Found Wuse's Weapon Shop.
   502 | D:1      | Found Fapuxul's General Store.
   505 | D:1      | Bought a potion of curing for 30 gold pieces
   949 | D:2      | Found a shimmering blue altar of Sif Muna.
  1039 | D:2      | Reached XP level 4. HP: 33/39 MP: 4/4
  1275 | D:2      | Identified the +9 war axe of Departure {elec, Will+ Dex+2}
  1701 | D:3      | Found a hazy altar of Hepliaklqana.
  1819 | D:3      | Found an opulent altar of Gozag.
  1841 | D:3      | Found a faded altar of an unknown god.
  2141 | D:3      | Reached skill level 4 in Axes
  2539 | D:4      | Noticed Ijyb
  2545 | D:4      | Noticed Blork the orc
  2547 | D:4      | Killed Ijyb
  2554 | D:4      | Killed Blork the orc
  2555 | D:4      | Reached XP level 5. HP: 20/44 MP: 5/5
  2737 | D:4      | Noticed Robin
  2750 | D:4      | Killed Robin
  2751 | D:4      | Reached skill level 5 in Axes
  3007 | D:4      | Noticed a phantom
  3014 | D:4      | Killed a phantom
  3015 | D:4      | Reached XP level 6. HP: 47/53 MP: 6/6
  3319 | D:4      | Reached skill level 6 in Axes
  3612 | D:5      | Entered Level 5 of the Dungeon
  3691 | D:5      | Reached XP level 7. HP: 59/59 MP: 7/7
  3749 | D:5      | Found an iron altar of Okawaru.
  3862 | D:5      | Became a worshipper of Warmaster Okawaru
  3921 | D:5      | Reached skill level 7 in Axes
  4128 | D:5      | Found a runed translucent door.
  4132 | D:5      | Noticed strifetoe's ghost (amateur AtBe)
  4145 | D:5      | Found a runed translucent door.
  4163 | D:5      | Killed strifetoe's ghost
  4163 | D:5      | Reached * piety under Okawaru
  4164 | D:5      | Reached skill level 8 in Axes
  4164 | D:5      | Reached XP level 8. HP: 57/66 MP: 8/8
  4226 | D:5      | Found a broken altar of Ashenzari.
  4646 | D:6      | Found a glowing silver altar of Zin.
  4663 | D:6      | Reached skill level 9 in Axes
  4664 | D:6      | Slain by an orc warrior

Illustrated notes

Levels and vault maps discovered:
D:1:      eino_arrival_druids_welcome, layout_loops_ring, serial_shops, shop,
          shop, shop, shop, shop, hangedman_decor_peaks_small,
          nicolae_concentric_dashed_squares_wild
D:2:      layout_loops_ring, basic_altar, kennysheep_generic_room_12
D:3:      layout_loops_corners, nicolae_gozag_seed_capital,
          mainiacjoe_overflow_alcove_2, basic_ecumenical_altar, moated_statue
D:4:      layout_loops_corners, uniq_blork_the_orc, uniq_robin, uniq_ijyb
D:5:      layout_gridville, lemuel_coloured_pillars_altar,
          nicolae_overflow_hidden_temple, ebering_ghost_sewer_f
D:6:      layout_cave_pools, zin_academy, portal_sewer_entry_a, moated_statue

Skill      XL: |  1  2  3  4  5  6  7  8 |
---------------+-------------------------+-----
Axes           | 2 3 4 5 6 8 9 |  9.1
Fighting       | |  2.6
Armour         | |  3.6
Shields        | |  3.2

Action                     |  1- 3 |  4- 6 |  7- 9 || total
---------------------------+-------+-------+-------++-------
  Melee: War axe           |    99 |   100 |    51 ||   250
         Tailslap          |     7 |     7 |     2 ||    16
  Evoke: Wand              |       |       |     1 ||     1
    Use: Scroll            |     2 |     5 |     3 ||    10
         Potion            |       |     1 |     2 ||     3
 Armour: Scale mail        |    72 |    83 |    39 ||   194
  Dodge: Dodged            |    26 |    23 |     9 ||    58
  Block: Buckler           |    21 |    26 |     4 ||    51

Table legend: (Time is in decaauts)
 A = Elapsed time spent in this place.
 B = Non-inter-level travel time spent in this place.
 C = Inter-level travel time spent in this place.
 D = Time resting spent in this place.
 E = Time spent auto-exploring this place.
 F = Levels seen in this place.
 G = Mean time per level.
                   A        B        C        D        E       F      G
               +--------+--------+--------+--------+--------+-----+--------+
         Total |   4742 |   4334 |    408 |    296 |   3292 |   6 |  790.3 |
       Dungeon |   4742 |   4334 |    408 |    296 |   3292 |   6 |  790.3 |
               +--------+--------+--------+--------+--------+-----+--------+

Top non-repeatable levels by time:
     D:4: 1167 daAuts
     D:3: 927 daAuts
     D:5: 828 daAuts
     D:1: 819 daAuts
     D:2: 766 daAuts
     D:6: 233 daAuts
